 Dungeon Crawl Stone Soup version 0.26.1-11-gd32895ea62 (webtiles) character file.

Game seed: 6932927315834978401

39053 dtburroughs the Cleaver (level 13, -29/119 HPs)
             Began as a Minotaur Berserker on May 6, 2021.
             Was a High Priest of Trog.
             Killed from afar by a lich (58 damage)
             ... with a bolt of cold
             ... on level 2 of the Abyss on May 7, 2021.
             The game lasted 01:15:21 (22777 turns).

dtburroughs the Cleaver (Minotaur Berserker)       Turns: 22777, Time: 01:15:22

Health: -29/119    AC: 23    Str: 20    XL:     13   Next: 67%
Magic:  12/12      EV: 13    Int:  3    God:    Trog [*****.]
Gold:   1549       SH: 14    Dex: 14    Spells: 12/12 levels left

rFire    + . .     SeeInvis .   s - +0 morningstar
rCold    . . .     Faith    .   e - +2 kite shield
rNeg     + . .     Spirit   .   m - +1 chain mail {rPois}
rPois    +         Reflect  .   (helmet restricted)
rElec    .         Harm     .   d - +0 cloak
rCorr    .         Rampage  .   T - +1 pair of gloves {archery}
Will     .....     Rnd*Rage +   o - +0 pair of boots
Stlth    ..........             U - amulet of regeneration
HPRegen  0.69/turn              t - ring of protection from fire
MPRegen  0.13/turn              q - ring "Xuunkunt" {*Corrode +Blink rN+ AC+4 Dex+4}

@: berserk cooldown, slowed, very slow
A: retaliatory headbutt, horns 2, [berserk 2], [blurry vision 2], [dopey 2],
[weak 2], [no potion heal 2]
a: Renounce Religion, Evoke Blink, Berserk, Trog's Hand, Brothers in Arms


You were on level 2 of the Abyss.
You worshipped Trog.
Trog was extremely pleased with you.
You visited 2 branches of the dungeon, and saw 17 of its levels.
You visited the Abyss 1 time.

You collected 1549 gold pieces.

Inventory:

Hand Weapons
 s - a +0 morningstar (weapon)
 J - a +0 war axe
 K - a +0 broad axe
 R - the +10 spear "Mekhlez" {drain, rC+ rN+, unknown}
   (You found it on level 4 of the Lair of Beasts)

   A truly terrible weapon, it drains the life of those it strikes.
   It protects you from cold.
   It protects you from negative energy.
Armour
 a - a +0 plate armour
 d - a +0 cloak (worn)
 e - a +2 kite shield (worn)
 m - a +1 chain mail of poison resistance (worn)
 o - a +0 pair of boots (worn)
 T - a +1 pair of gloves of archery (worn)
Jewellery
 b - an uncursed ring of fire
 k - a cursed -4 ring of protection
 n - an uncursed ring of see invisible
 q - the ring "Xuunkunt" (right hand) {*Corrode +Blink rN+ AC+4 Dex+4}
   (You found it on level 4 of the Dungeon)

   [ring of protection]

   It affects your AC (+4).
   It affects your dexterity (+4).
   It protects you from negative energy.
   It lets you blink.
   It may corrode you when you take damage.
 t - a ring of protection from fire (left hand)
 D - an uncursed ring of ice
 Q - a +6 ring of strength
 S - a +4 ring of protection
 U - an amulet of regeneration (around neck)
Wands
 v - a wand of iceblast (10)
 y - a wand of flame (69)
 z - a wand of random effects (9)
Scrolls
 f - 11 scrolls of remove curse
 i - a scroll of enchant weapon {unknown}
 j - 4 scrolls of magic mapping
 l - 3 scrolls of immolation {unknown}
 p - 7 scrolls of teleportation
 r - 3 scrolls of random uselessness {unknown}
 w - 3 scrolls of fog {unknown}
 x - 3 scrolls of enchant armour
 A - 5 scrolls of noise
 F - a scroll of blinking {unknown}
 G - a scroll of torment {unknown}
 H - 2 scrolls of silence {unknown}
 I - 2 scrolls of vulnerability {unknown}
 M - a scroll of identify
 N - 3 scrolls of acquirement {unknown}
 P - a scroll of fear {unknown}
Potions
 c - 2 potions of flight
 g - 2 potions of lignification
 h - 3 potions of mutation
 u - 4 potions of curing
 B - 2 potions of might {unknown}
 C - 2 potions of haste {unknown}
 E - a potion of attraction {unknown}
 L - 7 potions of ambrosia
 O - 2 potions of berserk rage


   Skills:
 + Level 12.6 Fighting
 + Level 12.6 Axes
 + Level 12.3 Armour
 + Level 11.4 Dodging
 + Level 9.4 Shields
 + Level 8.7 Evocations


You had 12 spell levels left.
You didn't know any spells.
Your spell library was empty.

Dungeon Overview and Level Annotations

Branches:
Dungeon (11/15)            Temple (0/1) D:7            Lair (6/6) D:9
 Shoals (0/4) Lair:4        Snake (0/4) Lair:4        Slime (0/5) Lair:6
    Orc (0/2) D:10

Altars:
Ashenzari
Cheibriados
Dithmenos
Elyvilon
Fedhas
Hepliaklqana
Kikubaaqudgha
Nemelex Xobeh
Ru
Sif Muna
Uskayaw
Vehumet
Xom

Shops:
D:6 *   D:7 *   D:11 }

Annotations:
D:3 1 runed translucent door, Tirrikindir's ghost, amateur OpFi
Lair:6 1 transporter, exclusion: oklob plant


Innate Abilities, Weirdness & Mutations

You reflexively headbutt those who attack you in melee.
You have a pair of horns on your head.
[You often lose your temper in combat.]
[Scrolls take you longer to read.]
[You are very dopey. (Int -4)]
[You are very weak. (Str -4)]
[Potions are poor at restoring your health.]


Message History

Some rock shatters into small pieces.
You hear a grinding noise.
The lich casts a spell at itself.
The lich flickers and vanishes!
Deactivating autopickup; reactivate with Ctrl-A.
Some rock shatters into small pieces.
A white imp comes into view.
You hear a grinding noise.
Okay, then.
Really read with blurry vision while enemies are nearby?
The white imp gestures at you. You block the puff of frost.
Something touches you but does no damage.
You begin reading the scroll.
You continue reading the scroll.
The white imp gestures at you.
The puff of frost hits you but does no damage.
You hear some strange, mumbled words.
A bolt of cold appears from out of thin air!
The bolt of cold hits you!!!
You die...

..## # ....... .##
#....#.#.#....###.
# #...#..#.#....#
# # .#...
###.#...#.
.....####.#..#...
##........2..####
#.....###.###.....
#...#...{.# #..##
+.. +.#@### .#.#
≈# ...# #5.# # ..
.≈ . .. .. ##... #
. ..#.. . . ###
#.# . .. . . # . #


You could see a hell beast (summoned) and a white imp.

Vanquished Creatures
  A boulder beetle (Lair:4)
  A catoblepas (Lair:5)
  4 hydras
  2 two-headed ogres
  Nergalle (Lair:3)
  A wretched star (Abyss:2)
  A lindwurm (Lair:5)
  A manticore (D:10)
  4 elephants
  A cyclops (D:7)
  Joseph (D:7)
  4 black mambas (Lair:6)
  A smoke demon (Abyss:2)
  9 cane toads
  8 rime drakes
  5 komodo dragons
  A polar bear (Lair:4)
  A troll (D:10)
  A queen bee (D:10)
  A hornet (D:11)
  25 blink frogs
  A dream sheep (Lair:6)
  A large abomination (Abyss:2)
  A vampire (D:11)
  A spriggan (D:11)
  19 yaks
  10 wyverns
  7 basilisks
  A chaos spawn (Abyss:2)
  A naga (Lair:4)
  A hell hound (Lair:4)
  10 water moccasins
  3 orc warriors
  2 ice beasts (D:8)
  3 black bears
  A necrophage (D:10)
  3 sky beasts
  3 ogres
  4 centaurs
  15 wolves
  An elf zombie (D:5)
  A big kobold (D:8)
  9 bullfrogs
  A wyvern skeleton (D:8)
  An elf skeleton (D:5)
  3 scorpions
  A small abomination (Abyss:2)
  28 killer bees
  10 wights
  2 electric eels
  6 howler monkeys
  3 centaur zombies
  3 bullfrog zombies
  4 hounds
  A jelly (D:6)
  2 centaur skeletons
  4 orc priests
  2 bullfrog skeletons
  10 orc wizards
  A human skeleton (D:5)
  8 hell rats
  2 iguanas (D:4)
  3 worker ants
  Natasha (twice) (D:3)
  2 hound skeletons
  A howler monkey zombie (D:11)
  A worker ant zombie (D:5)
  4 gnolls (D:9)
  A howler monkey skeleton (D:8)
  14 adders
  A shadow imp (D:10)
  A white imp (D:8)
  2 ufetubi
  2 oozes
  An adder skeleton (D:4)
  3 worms (D:2)
  8 leopard geckos
  41 orcs
  3 giant cockroaches
  6 goblins
  14 hobgoblins
  11 jackals
  3 quokkas
  3 ball pythons
  7 bats
  5 frilled lizards
  2 jackal skeletons
  10 kobolds
  A leopard gecko skeleton (D:6)
  3 orc skeletons (D:5)
  A quokka skeleton (D:4)
  9 rats (D:1)
429 creatures vanquished.

Vanquished Creatures (collateral kills)
  Harold (Lair:1)
  A hydra (Lair:1)
  A death yak (Lair:4)
  2 merfolk sirens (Lair:4)
  2 merfolk (Lair:4)
  2 nagas (Lair:4)
  2 killer bees (D:10)
  2 electric eels (Lair:4)
13 creatures vanquished.

Vanquished Creatures (others)
  A centaur (D:5)
  A worker ant (D:5)
  A hell rat (Lair:5)
  A dart slug (D:5)
  A leopard gecko (D:5)
  A quokka (D:5)
  27 fungi
  38 plants
71 creatures vanquished.

Grand Total: 513 creatures vanquished

Notes
Turn   | Place    | Note
-------+----------+-------------------------------------------
     0 | D:1      | dtburroughs the Minotaur Berserker began the quest for the
                  | Orb.
     0 | D:1      | Reached XP level 1. HP: 19/19 MP: 0/0
   268 | D:1      | Reached XP level 2. HP: 25/27 MP: 1/1
   712 | D:1      | Reached XP level 3. HP: 29/33 MP: 2/2
  1290 | D:2      | Reached ** piety under Trog
  1564 | D:2      | Reached XP level 4. HP: 36/40 MP: 3/3
  1652 | D:2      | Found a sacrificial altar of Ru.
  2026 | D:3      | Reached XP level 5. HP: 40/47 MP: 4/4
  2156 | D:3      | Noticed Natasha
  2184 | D:3      | Killed Natasha
  2271 | D:3      | Found a runed translucent door.
  2271 | D:3      | Noticed Tirrikindir's ghost (amateur OpFi)
  2621 | D:3      | Found a blossoming altar of Fedhas.
  2785 | D:4      | Reached skill level 5 in Fighting
  2785 | D:4      | Reached skill level 5 in Axes
  2962 | D:4      | Got a bound turquoise ring
  2986 | D:4      | Noticed an ogre
  3030 | D:3      | Killed an ogre
  3031 | D:3      | Reached XP level 6. HP: 27/56 MP: 5/5
  3058 | D:3      | Noticed Natasha
  3065 | D:3      | Killed Natasha
  3320 | D:4      | Found a shimmering blue altar of Sif Muna.
  3322 | D:4      | Found a hazy altar of Hepliaklqana.
  3825 | D:5      | Entered Level 5 of the Dungeon
  3828 | D:5      | Found an ancient bone altar of Kikubaaqudgha.
  3838 | D:5      | Reached skill level 5 in Armour
  3838 | D:5      | Reached XP level 7. HP: 62/62 MP: 6/6
  3865 | D:5      | Reached *** piety under Trog
  3876 | D:5      | Found a shimmering altar of Xom.
  4090 | D:5      | Found a radiant altar of Vehumet.
  4483 | D:5      | Reached skill level 5 in Dodging
  4751 | D:6      | Identified the ring "Xuunkunt" {*Corrode +Blink rN+ AC+4
                  | Dex+4} (You found it on level 4 of the Dungeon)
  4943 | D:6      | Reached XP level 8. HP: 70/71 MP: 7/7
  4971 | D:6      | Reached skill level 1 in Evocations
  5174 | D:6      | Found Liunt's Elemental Accessories.
  5361 | D:6      | Found a sparkling altar of Nemelex Xobeh.
  5439 | D:7      | Found a staircase to the Ecumenical Temple.
  5446 | D:7      | Noticed a cyclops
  5577 | D:7      | Killed a cyclops
  5760 | D:7      | Noticed Joseph
  5817 | D:7      | Killed Joseph
  5976 | D:7      | Reached XP level 9. HP: 79/79 MP: 8/8
  6052 | D:7      | Reached **** piety under Trog
  6245 | D:7      | Found Iqa Dal Yzae's General Store.
  6446 | D:7      | Found a sparkling altar of Nemelex Xobeh.
  6543 | D:7      | Found a snail-covered altar of Cheibriados.
  7961 | D:9      | Found a staircase to the Lair.
  7973 | D:9      | Reached XP level 10. HP: 79/90 MP: 9/9
  8092 | D:9      | Reached ***** piety under Trog
  8107 | D:9      | Found a broken altar of Ashenzari.
  8196 | D:9      | Found a white marble altar of Elyvilon.
  8352 | D:9      | Noticed a two-headed ogre
  8359 | D:9      | Killed a two-headed ogre
  8360 | D:9      | Reached skill level 1 in Shields
  8925 | D:10     | Entered Level 10 of the Dungeon
  9156 | D:10     | Noticed a manticore
  9175 | D:10     | Killed a manticore
  9176 | D:10     | Reached skill level 5 in Evocations
  9398 | D:10     | Found a staircase to the Orcish Mines.
  9984 | D:10     | Received a gift from Trog
 10841 | D:11     | Noticed a two-headed ogre
 10853 | D:11     | Killed a two-headed ogre
 10854 | D:11     | Reached XP level 11. HP: 99/99 MP: 10/10
 10982 | D:11     | Found a shadowy altar of Dithmenos.
 11009 | D:11     | Reached skill level 10 in Axes
 11173 | D:11     | Paralysed by a hornet for 1 turns
 11185 | D:11     | Reached skill level 10 in Fighting
 11467 | D:11     | Found Puim's Gadget Shop.
 11507 | D:11     | Noticed a deep elf mage
 11667 | Lair:1   | Entered Level 1 of the Lair of Beasts
 11847 | Lair:1   | Noticed a six-headed hydra
 11901 | Lair:1   | Killed a six-headed hydra
 12093 | Lair:1   | Reached skill level 10 in Armour
 12093 | Lair:1   | Reached skill level 5 in Shields
 12437 | Lair:1   | Noticed Harold
 12481 | Lair:1   | Killed Harold
 13281 | Lair:2   | Found a hide-covered altar of Uskayaw.
 14812 | Lair:3   | Noticed Nergalle
 14842 | Lair:3   | Killed Nergalle
 14843 | Lair:3   | Reached XP level 12. HP: 104/108 MP: 11/11
 15537 | Lair:3   | Reached skill level 10 in Dodging
 16024 | Lair:4   | Noticed a death yak
 16029 | Lair:4   | Killed a death yak
 16108 | Lair:4   | Got a scorched spear
 16219 | Lair:4   | Found a staircase to the Snake Pit.
 16295 | Lair:4   | Found a staircase to the Shoals.
 16553 | Lair:4   | Noticed a boulder beetle
 16567 | Lair:4   | Killed a boulder beetle
 17783 | Lair:5   | Noticed a seven-headed hydra
 17814 | Lair:4   | Killed a seven-headed hydra
 19045 | Lair:5   | Noticed an eight-headed hydra
 19062 | Lair:4   | Killed an eight-headed hydra
 19573 | Lair:5   | Reached XP level 13. HP: 114/117 MP: 12/12
 20568 | Lair:6   | Entered Level 6 of the Lair of Beasts
 21643 | Lair:6   | Found a staircase to the Slime Pits.
 21698 | Lair:6   | Found a transporter.
 22607 | Lair:6   | Cast into level 2 of the Abyss (a wizard)
 22759 | Abyss:2  | Noticed a lich
 22762 | Abyss:2  | Noticed a blizzard demon
 22763 | Abyss:2  | Noticed a cacodemon
 22777 | Abyss:2  | Killed from afar by a lich

Illustrated notes

Levels and vault maps discovered:
D:1:      erik_arrival_orb_chamber, layout_loops_corners,
          minmay_rat_gold_closets
D:2:      layout_loops_ring, hangedman_ru_absence
D:3:      layout_basic, overflow_temple_1_default,
          hellmonk_ghost_happy_afterlife, uniq_natasha
D:4:      layout_basic, chequers_temple_overflow_statue_of_worship
D:5:      layout_basic, xom_confusion_cloud, vehumet_altar_wand_db,
          kiku_gazebo_pond_becter, nicolae_ossuary_entry_catacombs
D:6:      layout_basic, nemelex_altar_shiori, nicolae_elemental_shop,
          nicolae_benzene_ring
D:7:      layout_basic, kennysheep_mini_moat, minmay_temple_entry_antechambers,
          serial_shops, shop, nemelex_dance_club_becter, uniq_joseph
D:8:      layout_loops_ring, nicolae_water_bricks
D:9:      lemuel_flame_loot_2, layout_basic, elyvilon_altar_1,
          overflow_temple_1_default, lair_entry_dummy
D:10:     layout_roguey [special_room_bee], orc_0_dummy
D:11:     layout_cross, serial_shops, shop, eino_curves_01,
          hangedman_stone_soup, minmay_crystal_room,
          grunt_dithmenos_smoke_and_mirrors, uniq_grum
Lair:1:   layout_roguey, uniq_harold
Lair:2:   layout_chaotic_city, lemuel_altar_in_water2
Lair:3:   layout_gridlike, lemuel_fruit_fields, serial_bayou_shore_a,
          lemuel_fruit_fields, infiniplex_staircase_pool_2, lemuel_fruit_tree,
          serial_bayou_shore_b, uniq_nergalle
Lair:4:   layout_regular_city, elwin_shoals_entry_stream,
          minmay_snake_entry_guardpost_medium, st_stairs_3, disabler_island
Lair:5:   layout_cave_shapes, special_room [special_room_mythical_zoo],
          infiniplex_staircase_pool
Lair:6:   evil_forest, layout_hall_layers, minmay_slime_entry_oklob_enclosed,
          gammafunk_ghost_wrathful_warriors, hangedman_lair_unloving_vines
Abyss:2:  base: D:15, evilmike_abyss_exit_6

Skill      XL: |  1  2  3  4  5  6  7  8  9 10 11 12 13 |
---------------+----------------------------------------+-----
Fighting       | 4 5 6 7 8 9 10 11 12 | 12.6
Axes           | 4 5 6 7 8 9 10 11 12 | 12.6
Armour         | 3 4 5 7 8 9 10 11 12 | 12.3
Dodging        | 3 4 5 6 7 8 9 10 11 | 11.4
Evocations     | 2 4 5 6 8 |  8.7
Shields        | 4 6 8 9 |  9.4

Action                   |  1- 3 |  4- 6 |  7- 9 | 10-12 | 13-15 || total
-------------------------+-------+-------+-------+-------+-------++-------
Melee: Hand axe          |   104 |   143 |   116 |       |       ||   363
       Headbutt          |    11 |    26 |    95 |   193 |    85 ||   410
       Morningstar       |       |       |   220 |    90 |   313 ||   623
       War axe           |       |       |    15 |   716 |       ||   731
Invok: Berserk           |       |       |     1 |     1 |       ||     2
       Brothers in Arms  |       |       |       |     7 |     1 ||     8
 Abil: Evoke Blink       |       |       |       |     2 |     1 ||     3
Evoke: Wand              |       |       |     1 |    19 |     1 ||    21
  Use: Scroll            |       |       |     6 |    11 |       ||    17
       Potion            |       |       |       |     2 |     1 ||     3
 Stab: Sleeping          |     1 |       |       |       |       ||     1
       Paralysed         |       |       |       |    21 |       ||    21
       Petrified         |       |       |       |       |     6 ||     6
Armor: Animal skin       |     8 |       |       |       |       ||     8
       Ring mail         |    33 |     3 |       |       |       ||    36
       Chain mail        |       |    56 |   188 |   421 |   175 ||   840
Dodge: Dodged            |    59 |    60 |   119 |   350 |   156 ||   744
Block: Kite shield       |       |       |   124 |   599 |   263 ||   986
